 Dungeon Crawl Stone Soup version 0.22.1-1-ga44c0e5 (webtiles) character file.

1943 rabbit the Thaumaturge (level 9, -2/65 HPs)
             Began as a Gnoll Wizard on Oct 16, 2018.
             Was a Follower of Kikubaaqudgha.
             Killed from afar by a white imp (7 damage)
             ... with a puff of frost
             ... summoned by Paps's ghost
             ... on level 6 of the Dungeon.
             The game lasted 00:23:10 (6144 turns).

rabbit the Thaumaturge (Gnoll Wizard)               Turns: 6144, Time: 00:23:13

Health: -2/65      AC:  5    Str: 11    XL:     9   Next: 18%
Magic:  1/21       EV: 15    Int: 23    God:    Kikubaaqudgha [*.....]
Gold:   208        SH:  0    Dex: 13    Spells: 13/24 levels left

rFire    . . .     SeeInvis .   a - +7 mace of Bupaxobe {drain, +Blink}
rCold    . . .     Gourm    .   (no shield)
rNeg     . . .     Faith    .   n - +0 robe
rPois    .         Spirit   .   t - +0 hat
rElec    .         Reflect  .   (no cloak)
rCorr    +         Harm     .   y - +2 pair of gloves
MR       .....                  (no boots)
Stlth    +++.......             x - amulet of regeneration
HPRegen  0.60/turn              H - ring of resist corrosion
MPRegen  0.17/turn              K - ring of flight

@: no status effects
A: distributed training, fangs 1, strong nose
a: Receive Corpses, Renounce Religion, Evoke Blink, Evoke Flight


You were on level 6 of the Dungeon.
You worshipped Kikubaaqudgha.
Kikubaaqudgha was aware of your devotion.
You were near starving.

You visited 1 branch of the dungeon, and saw 6 of its levels.

You collected 208 gold pieces.

Inventory:

Hand Weapons
 a - the +7 mace of Bupaxobe (weapon) {drain, +Blink}
   (You found it on level 5 of the Dungeon)

   A truly terrible weapon, it drains the life of those it strikes.
   It lets you blink.
 b - a +0 hunting sling
 L - a +0 dagger of venom
Missiles
 o - 98 stones (quivered)
 G - 20 sling bullets
 J - 18 bolts
Armour
 n - a +0 robe (worn)
 t - a +0 hat (worn)
 y - a +2 pair of gloves (worn)
Jewellery
 x - an amulet of regeneration (around neck)
 B - an uncursed amulet of faith
 H - a ring of resist corrosion (left hand)
 K - a ring of flight (right hand)
Scrolls
 g - 3 scrolls of fear {unknown}
 i - a scroll of fog {unknown}
 j - 2 scrolls of enchant armour
 l - 2 scrolls of remove curse
 m - 4 scrolls of magic mapping
 q - 2 scrolls of enchant weapon {unknown}
 r - 2 scrolls of teleportation {unknown}
 w - 6 scrolls of identify
 z - a scroll of amnesia
 I - a scroll of immolation {unknown}
 M - a scroll of noise {unknown}
 O - a scroll of blinking {unknown}
Potions
 e - 2 potions of degeneration {unknown}
 f - a potion of ambrosia {unknown}
 h - 6 potions of curing {unknown}
 p - 3 potions of heal wounds {unknown}
 s - a potion of cancellation {unknown}
 u - 2 potions of flight {unknown}
 v - a potion of brilliance {unknown}
 A - a potion of resistance {unknown}
 D - a potion of agility {unknown}
 E - a potion of might {unknown}
Comestibles
 d - 11 rations


   Skills:
 + Level 3.9 Fighting
 + Level 3.9 Short Blades
 + Level 3.9 Long Blades
 + Level 3.9 Axes
 + Level 3.9 Maces & Flails
 + Level 3.9 Polearms
 + Level 3.9 Staves
 + Level 3.9 Slings
 + Level 3.9 Bows
 + Level 3.9 Crossbows
 + Level 3.9 Throwing
 + Level 3.9 Armour
 + Level 6.1 Dodging
 + Level 5.8 Stealth
 + Level 3.9 Shields
 + Level 3.9 Unarmed Combat
 + Level 8.2 Spellcasting
 + Level 3.9 Conjurations
 + Level 3.2 Hexes
 + Level 3.2 Charms
 + Level 3.9 Summonings
 + Level 3.2 Necromancy
 + Level 3.9 Translocations
 + Level 3.2 Transmutations
 + Level 3.2 Fire Magic
 + Level 3.2 Ice Magic
 + Level 3.2 Air Magic
 + Level 3.2 Earth Magic
 + Level 3.2 Poison Magic
 + Level 4.3 Invocations
 + Level 3.9 Evocations


You had 13 spell levels left.
You knew the following spells:

 Your Spells              Type           Power        Failure   Level  Hunger
a - Magic Dart            Conj           ####         1%          1    None
b - Blink                 Tloc           N/A          1%          2    None
c - Call Imp              Summ           ####....     1%          2    None
d - Conjure Flame         Conj/Fire      ####....     4%          3    None
e - Mephitic Cloud        Conj/Pois/Air  ####....     4%          3    None

Your spell library contained the following spells:

 Spells                   Type           Power        Failure   Level  Hunger
 Animate Skeleton         Necr           N/A          1%          1    None
 Pain                     Necr           ###.         1%          1    None
 Searing Ray              Conj           ####..       1%          2    None
 Slow                     Hex            ###.....     2%          2    None
 Sublimation of Blood     Necr           ###.......   2%          2    None
 Dazzling Spray           Conj/Hex       ####..       4%          3    None
 Vampiric Draining        Necr           ###.......   5%          3    None
 Force Lance              Conj/Tloc      ####....     13%         4    ###....
 Iskenderun's Mystic Bla  Conj           ####....     13%         4    ###....
 Fulminant Prism          Conj/Hex       ####......   16%         4    ###....


Dungeon Overview and Level Annotations

Branches:
Dungeon (6/15)             Temple (0/1) D:6

Altars:
Cheibriados
Dithmenos
Gozag
Kikubaaqudgha
Zin

Annotations:
D:6 Paps's ghost, amateur OpSu


Innate Abilities, Weirdness & Mutations

Your experience applies equally to all skills.
You have very sharp teeth.
Your uncanny sense of smell can sniff out nearby items.


Message History

Casting: Blink (safe; 1% risk of failure)
Confirm with . or Enter, or press ? or * to list all spells.
You blink.
Paps's ghost barely misses you. The bat hits you but does no damage.
The shadow imp barely misses you. The white imp completely misses you.
Casting: Blink (safe; 1% risk of failure)
Confirm with . or Enter, or press ? or * to list all spells.
You blink.
The bat completely misses you.
Casting: Blink (safe; 1% risk of failure)
Confirm with . or Enter, or press ? or * to list all spells.
You blink.
The bat barely misses you.
Casting: Blink (safe; 1% risk of failure)
Confirm with . or Enter, or press ? or * to list all spells.
You blink.
The bat closely misses you.
Casting: Blink (safe; 1% risk of failure)
Confirm with . or Enter, or press ? or * to list all spells.
You blink.
The white imp gestures at you. The puff of frost hits you!
You die...
Kikubaaqudgha rasps: "You have failed me!
Welcome... death!"

#.######## #.##.#..#
#........# #.##.#...
#........# #.##.#...
#........####.##.#...
#>...................
##.......####.##.#...
#.......# #.####
#.......# # #"..
#..@....# #.##
###.bb....# #.##
##....W.r..# #)#.
#...§...55.## #.#.
##'##..r.5..# #.#.
#.≈.#####...# #.#.
#.≈.#####...# #.##
#.≈.#.....### #.#
#.≈.#.....# #<#


You could see an iron imp, Paps's ghost, a river rat, a white imp, a shadow imp,
a quokka and 2 bats.

Vanquished Creatures
  Pikel (D:6)
  A water moccasin (D:6)
  A phantom (D:5)
  2 ice beasts (D:5)
  A slave (D:6)
  A sky beast (D:6)
  3 ogres
  A centaur (D:5)
  Blork the orc (D:6)
  A bullfrog (D:6)
  2 scorpions
  A water moccasin skeleton (D:5)
  A howler monkey (D:6)
  2 hounds (D:5)
  Jessica (D:3)
  An iguana (D:6)
  2 worker ants
  9 adders
  2 shadow imps (D:5)
  3 oozes
  An adder skeleton (D:5)
  3 worms
  3 dart slugs
  4 leopard geckos
  4 orcs
  A ball python (D:3)
  9 bats
  A giant cockroach (D:5)
  10 hobgoblins
  8 kobolds
  2 quokkas
  7 frilled lizards
  9 goblins
  A jackal skeleton (D:4)
  A leopard gecko skeleton (D:5)
  A quokka skeleton (D:4)
  2 quokka zombies
  9 rats
113 creatures vanquished.

Vanquished Creatures (others)
  A bullfrog skeleton (D:6)
  An orc priest (D:6)
  An orc wizard (D:6)
  2 orcs (D:6)
5 creatures vanquished.

Grand Total: 118 creatures vanquished

Notes
Turn   | Place    | Note
-------+----------+-------------------------------------------
     0 | D:1      | rabbit the Gnoll Wizard began the quest for the Orb.
     0 | D:1      | Reached XP level 1. HP: 13/13 MP: 8/8
   117 | D:1      | Reached XP level 2. HP: 19/19 MP: 2/10
   513 | D:1      | Reached XP level 3. HP: 22/25 MP: 4/11
   797 | D:2      | Reached skill level 1 in Invocations
   833 | D:2      | Reached skill level 1 in Fighting
   833 | D:2      | Reached skill level 1 in Short Blades
   833 | D:2      | Reached skill level 1 in Long Blades
   833 | D:2      | Reached skill level 1 in Axes
   833 | D:2      | Reached skill level 1 in Maces & Flails
   833 | D:2      | Reached skill level 1 in Polearms
   833 | D:2      | Reached skill level 1 in Staves
   833 | D:2      | Reached skill level 1 in Slings
   833 | D:2      | Reached skill level 1 in Bows
   833 | D:2      | Reached skill level 1 in Crossbows
   833 | D:2      | Reached skill level 1 in Throwing
   833 | D:2      | Reached skill level 1 in Armour
   833 | D:2      | Reached skill level 1 in Shields
   833 | D:2      | Reached skill level 1 in Unarmed Combat
   833 | D:2      | Reached skill level 1 in Evocations
   914 | D:1      | Reached XP level 4. HP: 10/32 MP: 1/13
  1550 | D:2      | Found an opulent altar of Gozag.
  1550 | D:2      | Found a glowing silver altar of Zin.
  1553 | D:2      | Found a shadowy altar of Dithmenos.
  1571 | D:2      | Found an ancient bone altar of Kikubaaqudgha.
  1638 | D:2      | Became a worshipper of Kikubaaqudgha
  1844 | D:3      | Learned a level 2 spell: Blink
  1847 | D:3      | Learned a level 2 spell: Call Imp
  1851 | D:3      | Learned a level 3 spell: Conjure Flame
  1855 | D:3      | Learned a level 3 spell: Mephitic Cloud
  2003 | D:3      | Reached skill level 1 in Hexes
  2003 | D:3      | Reached skill level 1 in Charms
  2003 | D:3      | Reached skill level 1 in Necromancy
  2003 | D:3      | Reached skill level 1 in Transmutations
  2003 | D:3      | Reached skill level 1 in Fire Magic
  2003 | D:3      | Reached skill level 1 in Ice Magic
  2003 | D:3      | Reached skill level 1 in Air Magic
  2003 | D:3      | Reached skill level 1 in Earth Magic
  2003 | D:3      | Reached skill level 1 in Poison Magic
  2076 | D:3      | Reached XP level 5. HP: 37/37 MP: 6/14
  2611 | D:3      | Noticed Jessica
  2626 | D:3      | Killed Jessica
  2845 | D:4      | Reached * piety under Kikubaaqudgha
  2845 | D:4      | Identified Kikubaaqudgha's Catalogue of Evil Secrets
                  | (Kikubaaqudgha gifted it to you on level 4 of the Dungeon)
  2845 | D:4      | Received a gift from Kikubaaqudgha
  3240 | D:5      | Entered Level 5 of the Dungeon
  3262 | D:5      | Reached XP level 6. HP: 25/44 MP: 10/16
  3317 | D:5      | Reached skill level 5 in Dodging
  3345 | D:5      | Reached XP level 7. HP: 31/50 MP: 0/18
  4305 | D:5      | Got a steaming mace
  4306 | D:5      | Identified the +7 mace of Bupaxobe {drain, +Blink} (You
                  | found it on level 5 of the Dungeon)
  4437 | D:5      | Reached skill level 5 in Stealth
  4632 | D:5      | Reached XP level 8. HP: 57/57 MP: 19/19
  5033 | D:6      | Noticed Blork the orc
  5051 | D:6      | Killed Blork the orc
  5124 | D:6      | Found a snail-covered altar of Cheibriados.
  5232 | D:6      | Noticed Pikel
  5239 | D:6      | Killed Pikel
  5239 | D:6      | Reached skill level 8 in Spellcasting
  5239 | D:6      | Reached XP level 9. HP: 65/65 MP: 13/21
  5391 | D:6      | Found a staircase to the Ecumenical Temple.
  5699 | D:6      | HP: 3/65 [poisoned by a water moccasin]
  5704 | D:6      | HP: 2/65 [poisoned by a water moccasin]
  5710 | D:6      | HP: 3/65 [poisoned by a water moccasin]
  6048 | D:6      | Found a runed door.
  6053 | D:6      | Noticed Paps's ghost (amateur OpSu)
  6132 | D:6      | HP: 3/65 [white imp[Paps's ghost] (5)]
  6139 | D:6      | HP: 2/65 [Paps's ghost (3)]
  6144 | D:6      | Killed from afar by a white imp

Skill      XL: |  1  2  3  4  5  6  7  8 |
---------------+-------------------------+-----
Conjurations   | 2 3 |  3.9
Summonings     | 2 3 |  3.9
Translocations | 2 3 |  3.9
Invocations    | 1 2 3 4 |  4.3
Fighting       | 1 2 3 |  3.9
Short Blades   | 1 2 3 |  3.9
Long Blades    | 1 2 3 |  3.9
Axes           | 1 2 3 |  3.9
Maces & Flails | 1 2 3 |  3.9
Polearms       | 1 2 3 |  3.9
Staves         | 1 2 3 |  3.9
Slings         | 1 2 3 |  3.9
Bows           | 1 2 3 |  3.9
Crossbows      | 1 2 3 |  3.9
Throwing       | 1 2 3 |  3.9
Armour         | 1 2 3 |  3.9
Shields        | 1 2 3 |  3.9
Unarmed Combat | 1 2 3 |  3.9
Evocations     | 1 2 3 |  3.9
Hexes          | 1 2 3 |  3.2
Charms         | 1 2 3 |  3.2
Necromancy     | 1 2 3 |  3.2
Transmutations | 1 2 3 |  3.2
Fire Magic     | 1 2 3 |  3.2
Ice Magic      | 1 2 3 |  3.2
Air Magic      | 1 2 3 |  3.2
Earth Magic    | 1 2 3 |  3.2
Poison Magic   | 1 2 3 |  3.2
Dodging        | 5 6 |  6.1
Stealth        | 5 |  5.8
Spellcasting   | 8 |  8.2

Action                   |  1- 3 |  4- 6 |  7- 9 || total
-------------------------+-------+-------+-------++-------
Melee: Short sword       |     1 |       |       ||     1
       Dagger            |       |    36 |    20 ||    56
       Bite              |       |     5 |     8 ||    13
       Mace              |       |       |    55 ||    55
 Fire: Hunting sling     |     2 |     8 |    17 ||    27
 Cast: Magic Dart        |    72 |    95 |    71 ||   238
       Blink             |       |     4 |    12 ||    16
       Mephitic Cloud    |       |     4 |     2 ||     6
       Conjure Flame     |       |     1 |     4 ||     5
  Use: Scroll            |       |     2 |     2 ||     4
 Stab: Sleeping          |     1 |     8 |     4 ||    13
       Confused          |       |     1 |       ||     1
  Eat: Chunk             |       |     6 |     8 ||    14
Armor: Robe              |     3 |    12 |    38 ||    53
Dodge: Dodged            |    23 |    33 |   134 ||   190
